Map: Pendiente de Agustín EE

Players

Steven

  • Race: Zerg Zerg
  • Spawn Location: 11:00

Stark

  • Race: Terran Terran
  • Spawn Location: 12:00

wyldbillay

  • Race: Terran Terran
  • Spawn Location: 12:00

TATORREA - Winner!

  • Race: Protoss Protoss
  • League: Silver
  • Spawn Location: 6:00

tigro - Winner!

  • Race: Terran Terran
  • League: Bronze
  • Spawn Location: 6:00

MrFercho - Winner!

  • Race: Zerg Zerg
  • League: Silver
  • Spawn Location: 5:00

VOD

Have the link to the VOD?

Description

Time

  • Played on: June 5, 2020, 9:59 p.m.
  • Length: 15:02
Show
View Real Time Build Order
Export as new Build Order

Steven Zerg 

Build Orders: Pool First 

Get SALT Encoding   

  12  0:03  Drone  
  13  0:08  Drone  
  14  0:22  Extractor  
  14  0:23  Drone  
  14  0:37  Spawning Pool  
  14  0:38  Drone  
  14  0:44  Overlord  
  14  1:03  Drone x3  
  17  1:15  Drone  
  18  1:31  Drone  
  19  1:34  Hatchery  
  19  1:36  Drone  
  19  1:46  Queen  
  21  1:53  Metabolic Boost  
  21  2:03  Spine Crawler  
  21  2:04  Drone  
  21  2:07  Drone  
  22  2:21  Overlord  
  22  2:33  Overlord  
  22  2:40  Lair  
  22  2:45  Zergling x4  
  22  2:50  Queen  
  22  2:51  Drone  
  27  2:54  Zergling x2  
  28  3:08  Zergling x6  
  31  3:23  Zergling x6  
  33  3:44  Extractor  
  32  3:50  Drone x2  
  34  3:59  Hydralisk Den  
  34  4:02  Drone x2  
  35  4:04  Zergling x2  
  35  4:05  Zergling x4  
  31  4:44  Drone x2  
  31  4:45  Drone x2  
  34  4:50  Overlord x2  
  34  4:54  Hydralisk x4  
  34  4:58  Grooved Spines  
  42  5:00  Drone x2  
  42  5:03  Overlord  
  44  5:16  Hatchery  
  44  5:19  Drone x3  
  46  5:22  Extractor  
  45  5:46  Drone  
  45  5:47  Drone  
  47  6:00  Zergling x4, Hydralisk x4  
  47  6:04  Zergling x6  
  53  6:44  Hydralisk x3  
  59  6:50  Queen  
  59  6:53  Muscular Augments  
  61  6:58  Extractor  
  60  7:02  Drone x2  
  62  7:11  Hatchery  
  58  7:27  Overlord  
  58  7:28  Zergling x6  
  61  7:39  Hydralisk x2  
  61  7:40  Zergling x4  
  66  8:02  Drone x2  
  66  8:03  Drone x2  
  70  8:09  Spine Crawler  
  70  8:10  Spine Crawler  
  67  8:29  Hydralisk  
  67  8:30  Hydralisk x2  
  52  8:46  Hydralisk x6  
  62  8:48  Zergling x4  
  62  8:49  Zergling x2  
  65  9:03  Zergling x2, Hydralisk x5  
  76  9:11  Evolution Chamber x2  
  57  9:43  Drone x2  
  57  9:44  Drone x2  
  61  9:45  Hydralisk x2  
  61  9:46  Hydralisk x4  
  61  9:49  Zergling x2  
  61  9:50  Zergling x2  
  61  9:51  Zerg Ground Armor Level 1, Zerg Missile Weapons Level 1  
  75  9:53  Queen  
  75  9:54  Drone x2  
  79  10:05  Drone x2  
  81  10:09  Drone  
  81  10:12  Overlord  
  81  10:14  Overlord  
  79  10:38  Drone x3  
  82  10:54  Extractor  
  82  10:55  Extractor  
  80  11:00  Zergling x8  
  84  11:05  Overlord  
  84  11:06  Overlord x2  
  65  11:30  Queen  
  67  11:39  Zergling x6, Hydralisk x6  
  63  11:55  Hydralisk x3  
  63  11:58  Hydralisk  
  70  12:05  Queen  
  63  12:37  Hydralisk x3  
  54  12:52  Hydralisk  
  54  13:22  Hydralisk x3  
  54  13:25  Hydralisk x5  
Show
View Real Time Build Order
Export as new Build Order

Stark Terran 

Build Orders:  

Get SALT Encoding   

  12  0:06  SCV  
  13  0:14  Refinery  
  13  0:19  SCV  
  14  0:30  Refinery  
  14  0:31  SCV  
  15  0:51  Supply Depot  
  15  1:01  Supply Depot  
  15  1:12  SCV  
  16  1:24  Supply Depot  
  16  1:25  SCV  
  17  1:37  SCV  
  18  1:43  Barracks  
  18  1:49  SCV  
  19  1:55  Supply Depot  
  19  2:01  SCV  
  20  2:13  SCV  
  21  2:25  SCV  
  22  2:35  Engineering Bay  
  22  2:37  SCV  
  23  2:49  SCV  
  24  3:02  Factory  
  24  3:19  Marine  
  25  3:32  Barracks  
  25  3:37  Marine  
  26  3:55  Reaper  
  27  4:20  Marine  
  28  4:27  Reaper  
  28  4:30  Supply Depot  
  29  4:38  Marine  
  30  4:56  Marine  
  30  4:59  Marine  
  31  5:14  Marine  
  32  5:17  Marine  
  33  5:31  Marine  
  33  5:34  Starport  
  33  5:35  Marine  
  35  5:41  Factory Reactor  
  35  5:51  Barracks Tech Lab  
  9  6:15  Marine x2  
  2  6:33  Marine  
  3  6:43  SCV  
  4  6:51  Marine  
  5  6:56  SCV  
  6  7:08  SCV  
  7  7:09  Marine  
  7  7:11  Combat Shield  
  8  7:20  SCV  
  9  7:26  Marine  
  10  7:32  SCV  
  10  7:34  Command Center  
  6  7:44  Marine  
  5  7:58  SCV  
  5  8:10  SCV  
  8  8:20  Marauder  
  8  8:22  SCV  
  9  8:33  Terran Infantry Armor Level 1  
  9  8:34  SCV  
  12  8:41  Marauder  
  12  8:46  SCV  
  12  8:47  SCV  
  14  8:59  SCV x2  
  18  9:03  Marauder  
  18  9:11  SCV  
  19  9:23  SCV  
  16  9:24  Marauder  
  16  9:41  SCV  
  17  9:45  Marauder  
  17  9:46  SCV  
  18  9:53  SCV  
  18  9:58  SCV  
  20  10:05  SCV  
  23  10:07  Marauder  
  23  10:10  SCV  
  24  10:17  SCV  
  25  10:22  SCV  
  25  10:27  Terran Infantry Weapons Level 1  
  28  10:28  Marauder  
  28  10:29  SCV  
  28  10:34  SCV  
  30  10:49  Marauder  
  32  10:54  Armory  
  32  11:11  Marauder  
  34  11:13  Supply Depot  
  34  11:32  Marauder  
  26  11:36  Supply Depot  
  26  11:54  Marauder  
  28  12:03  Factory Tech Lab  
  28  12:15  Marauder  
  30  12:36  Marauder  
  26  12:53  Starport  
  26  12:58  Marauder  
  28  13:00  Thor  
  34  13:19  Marauder  
  36  13:41  Marauder  
  38  13:43  Thor  
  44  14:02  Marauder  
  40  14:23  Marauder  
Show
View Real Time Build Order
Export as new Build Order

wyldbillay Terran 

Build Orders:  

Get SALT Encoding   

  12  0:05  SCV  
  13  0:20  SCV  
  14  0:22  Supply Depot  
  14  0:30  Refinery  
  14  0:32  SCV  
  15  0:48  Barracks  
  15  0:50  SCV  
  16  1:01  Supply Depot  
  16  1:03  SCV  
  17  1:15  SCV  
  18  1:22  Barracks  
  18  1:39  Marine  
  19  1:45  SCV  
  20  1:57  Marine, SCV  
  22  2:13  Barracks  
  22  2:14  Marine  
  23  2:18  Refinery  
  23  2:20  Marine  
  24  2:32  Marine  
  25  2:38  Marine  
  26  2:52  Command Center  
  26  2:56  Marine  
  27  2:59  Marine  
  28  3:09  Marine  
  29  3:14  Marine  
  29  3:16  Marine  
  31  3:42  Supply Depot  
  31  4:03  Marine x3  
  34  4:21  Marine x3  
  33  4:38  Marine x3  
  32  4:55  SCV  
  32  4:56  Marine x3  
  32  4:57  Factory  
  32  4:59  SCV  
  37  5:07  SCV  
  37  5:11  SCV  
  39  5:14  Marine x3  
  39  5:16  Supply Depot  
  42  5:24  SCV  
  43  5:36  SCV  
  44  5:48  SCV  
  45  5:51  Factory Tech Lab  
  45  6:31  Cyclone  
  40  6:50  Marine  
  40  6:51  Supply Depot  
  41  7:01  Barracks Tech Lab  
  41  7:03  Barracks Tech Lab  
  41  7:04  Cyclone  
  41  7:07  SCV  
  41  7:08  Marine  
  46  7:19  SCV  
  47  7:23  Starport  
  47  7:26  Marine  
  47  7:29  Armory  
  48  7:31  SCV  
  48  7:36  Cyclone  
  45  7:43  SCV  
  45  7:44  Marine  
  47  7:55  SCV  
  48  8:01  Marine  
  49  8:08  Cyclone  
  52  8:16  SCV  
  53  8:27  Starport Tech Lab  
  53  8:28  SCV  
  54  8:39  Supply Depot, Marine  
  54  8:40  Thor, SCV  
  62  8:45  Marauder  
  62  8:48  Marauder  
  66  8:57  Marine  
  66  8:58  Refinery  
  66  9:01  SCV  
  66  9:02  Refinery  
  68  9:06  Marauder  
  68  9:09  Marauder  
  72  9:13  SCV  
  72  9:15  Marine  
  74  9:22  Thor  
  76  9:25  SCV  
  76  9:27  Marauder  
  76  9:30  Marauder  
  74  9:33  Marine  
  74  9:37  SCV  
  70  9:49  Marauder, SCV  
  70  9:50  Marine  
  74  10:01  SCV  
  75  10:10  Marauder  
  75  10:13  SCV  
  78  10:25  Supply Depot  
  75  10:48  Supply Depot  
  75  10:58  Raven  
  77  11:10  Siege Tank  
  80  11:13  Marauder  
  80  11:15  Marauder  
  74  11:26  Reaper  
  67  11:35  Marauder  
  67  11:36  Marauder  
  65  11:41  Raven  
  67  11:56  Marauder  
  67  11:58  Marauder  
  63  12:15  Terran Vehicle Weapons Level 1  
  59  12:18  Marauder  
  61  12:24  Raven  
  63  12:39  Marauder  
  60  13:07  Raven  
  62  13:27  Thor  
  62  13:29  Marauder  
  62  13:31  Marauder  
  62  13:33  Marine  
  61  13:50  Marauder, Raven  
  61  13:51  Marine  
  61  13:52  Marauder  
  64  14:09  Marine  
  65  14:12  Marauder  
  65  14:14  Marauder  
  69  14:27  Marine  
  70  14:35  Marauder  
Show
View Real Time Build Order
Export as new Build Order

TATORREA Protoss - Winner!

Build Orders:  

Get SALT Encoding   

  12  0:01  Probe  
  13  0:20  Probe  
  14  0:29  Pylon  
  14  0:32  Probe  
  15  0:47  Probe  
  16  0:54  Gateway  
  16  0:55  Gateway  
  16  1:05  Gateway  
  16  1:08  Probe  
  17  1:14  Assimilator  
  17  1:20  Probe  
  18  1:32  Probe  
  19  1:43  Assimilator  
  19  1:45  Probe  
  20  1:52  Pylon  
  20  2:00  Probe  
  21  2:04  Cybernetics Core  
  21  2:05  Pylon  
  21  2:12  Probe  
  22  2:37  Probe  
  22  2:40  Nexus  
  22  2:42  Warp Gate (Chrono Boost)  
  23  2:58  Stalker  
  23  2:59  Stalker  
  23  3:00  Stalker  
  29  3:17  Probe  
  30  3:29  Probe  
  31  3:40  Stalker  
  31  3:41  Stalker x2  
  38  3:48  Probe  
  38  4:02  Probe x2  
  30  4:25  Zealot x2  
  30  4:26  Zealot  
  28  4:52  Zealot x3  
  34  5:01  Probe x2  
  36  5:13  Stalker, Probe x2  
  36  5:14  Stalker x2  
  44  5:34  Probe x2  
  46  5:46  Probe x2  
  48  5:58  Probe x2  
  50  6:10  Probe x2  
  38  6:15  Stalker  
  38  6:16  Stalker x2  
  44  6:22  Pylon, Probe x2  
  46  6:26  Pylon  
  46  6:29  Pylon  
  46  6:32  Pylon  
  46  6:42  Pylon  
  46  6:46  Pylon  
  46  6:57  Gateway  
  46  6:58  Gateway  
  46  7:01  Gateway  
  46  7:03  Gateway  
  46  7:07  Twilight Council  
  46  7:08  Assimilator  
  46  7:10  Assimilator, Forge  
  46  7:14  Stargate  
  46  7:16  Stargate  
  46  7:27  Probe x2  
  48  7:30  Charge  
  48  7:34  Robotics Facility  
  48  7:38  Stalker x3  
  48  7:39  Probe, Protoss Ground Weapons Level 1 (Chrono Boost)  
  55  8:00  Stalker x2  
  55  8:01  Stalker x3  
  55  8:02  Stalker, Nexus  
  67  8:06  Stalker  
  69  8:13  Phoenix x2  
  73  8:29  Probe x2  
  75  8:41  Probe x2  
  75  8:48  Stalker x2  
  77  8:49  Stalker x2  
  77  8:50  Stalker  
  77  8:53  Probe x2  
  87  9:04  Zealot  
  87  9:05  Probe x2, Zealot  
  91  9:17  Probe x2  
  53  9:39  Stalker x3  
  53  9:40  Stalker x4  
  53  9:44  Void Ray  
  53  9:45  Void Ray  
  75  9:48  Protoss Ground Weapons Level 2  
  75  9:53  Blink  
  75  10:00  Probe x2  
  75  10:01  Probe  
  78  10:12  Probe x2  
  78  10:13  Probe  
  81  10:16  Pylon  
  81  10:20  Pylon  
  81  10:22  Gateway  
  81  10:23  Gateway  
  81  10:25  Gateway  
  81  10:29  Zealot  
  81  10:30  Zealot  
  81  10:31  Zealot  
  81  10:33  Zealot  
  89  10:35  Zealot  
  89  10:38  Zealot  
  89  10:40  Zealot  
  95  10:58  Assimilator, Probe x3  
  95  11:02  Assimilator, Immortal  
  102  11:10  Probe x3  
  69  11:34  Stalker  
  69  11:35  Stalker x3  
  69  11:36  Stalker x2  
  69  11:37  Stalker x3  
  69  11:38  Stalker  
  89  11:51  Immortal  
  93  11:54  Void Ray  
  93  11:55  Void Ray  
  101  12:15  Nexus  
  101  12:31  Zealot x2  
  101  12:32  Zealot x2  
  109  12:37  Void Ray x2  
  117  12:45  Zealot x4  
  117  12:46  Zealot  
  117  12:49  Zealot  
  129  13:11  Zealot x2  
  133  13:24  Pylon  
  133  13:25  Assimilator  
  133  13:26  Assimilator, Oracle  
  136  13:27  Pylon  
  136  13:33  Pylon  
  136  13:37  Pylon  
  76  14:31  Zealot x3  
  76  14:32  Zealot x5  
  76  14:33  Zealot x2  
Show
View Real Time Build Order
Export as new Build Order

tigro Terran - Winner!

Build Orders:  

Get SALT Encoding   

  12  0:04  SCV  
  13  0:16  SCV  
  14  0:29  SCV  
  14  0:31  Supply Depot  
  15  0:39  Refinery  
  15  0:53  SCV  
  16  1:00  Barracks  
  16  1:05  SCV  
  17  1:13  Refinery  
  17  1:17  SCV  
  18  1:29  SCV  
  18  1:32  Supply Depot  
  19  1:41  SCV  
  20  1:49  Marine  
  20  1:53  SCV  
  22  2:06  SCV  
  22  2:07  Marine  
  24  2:18  Barracks, SCV  
  25  2:25  Marine  
  26  2:31  SCV  
  27  2:40  Engineering Bay  
  27  2:43  Marine  
  28  2:56  Orbital Command  
  28  3:01  Marine  
  29  3:07  Barracks Tech Lab  
  29  3:17  Factory  
  29  3:32  Barracks Tech Lab  
  29  3:33  Combat Shield  
  29  3:37  Terran Infantry Weapons Level 1  
  29  4:11  Command Center  
  29  4:14  Stimpack  
  29  4:19  Hellion  
  29  4:21  Marine  
  32  4:34  Marine  
  33  4:39  Marine  
  33  4:41  Hellion  
  35  4:52  Marine, Concussive Shells  
  35  4:57  Marine  
  37  5:05  Factory Tech Lab  
  37  5:10  Marine  
  38  5:14  Marine  
  38  5:17  Armory  
  39  5:28  Marine  
  40  5:31  Terran Infantry Armor Level 1  
  40  5:32  Marine  
  41  5:46  Marine  
  42  5:50  Marine  
  42  5:55  Siege Tank  
  46  6:00  SCV  
  46  6:03  Marine  
  48  6:06  Refinery  
  48  6:08  Marine  
  49  6:12  SCV  
  49  6:15  Starport  
  50  6:24  SCV  
  51  6:32  Refinery  
  51  6:36  SCV  
  52  6:48  SCV  
  52  6:53  Starport  
  29  7:25  Neosteel Armor  
  29  7:34  Medivac  
  29  7:36  Starport Tech Lab  
  31  7:49  Fusion Core  
  31  8:01  Planetary Fortress  
  31  8:07  Marine x2  
  33  8:14  Thor  
  39  8:25  Marine x2  
  41  8:42  Marine, Banshee  
  41  8:43  Marine  
  41  8:44  Starport Tech Lab  
  46  8:51  SCV  
  47  8:57  Siege Tank  
  47  9:00  Marine x2  
  52  9:03  SCV  
  52  9:05  Hi-Sec Auto Tracking  
  53  9:13  Weapon Refit  
  53  9:15  SCV  
  54  9:18  Marine x2  
  56  9:27  SCV  
  56  9:30  Siege Tank  
  60  9:36  Marine x2  
  62  9:56  Supply Depot  
  62  10:02  Terran Infantry Weapons Level 2  
  62  10:17  Marine x2  
  62  10:18  SCV  
  65  10:35  Marine x2  
  67  10:53  Rapid Reignition System, Marine x2  
  69  11:11  Marine  
  70  11:28  Marine  
  70  11:31  Marine  
  66  11:46  Marine  
  63  11:49  Advanced Ballistics  
  61  12:18  Terran Infantry Armor Level 2  
  61  12:24  Siege Tank  
  50  12:47  Marine x2  
  40  13:05  Marine x2, Battlecruiser  
  47  13:22  Marine  
  47  13:23  Marine  
  47  13:24  Supply Depot  
  49  13:40  Marine x2  
  57  13:46  Medivac  
  53  13:57  Siege Tank  
  53  13:58  Marine x2  
  58  14:09  Medivac  
  60  14:16  Marine x2  
  68  14:29  Siege Tank  
  71  14:34  Marine x2  
Show
View Real Time Build Order
Export as new Build Order

MrFercho Zerg - Winner!

Build Orders: Pool First 

Get SALT Encoding   

  12  0:02  Drone  
  13  0:08  Drone  
  14  0:30  Extractor x2, Drone  
  14  0:31  Drone  
  16  0:41  Spawning Pool  
  15  0:47  Extractor  
  14  0:50  Overlord  
  14  1:00  Overlord  
  14  1:08  Drone  
  15  1:13  Drone  
  16  1:18  Drone  
  16  1:24  Drone  
  18  1:29  Queen  
  20  1:38  Drone  
  21  1:47  Drone  
  21  1:54  Extractor  
  21  1:55  Hatchery  
  21  1:56  Drone  
  21  2:13  Drone  
  22  2:18  Drone  
  23  2:32  Lair  
  23  2:34  Drone  
  24  2:40  Drone x3  
  27  2:47  Metabolic Boost  
  27  2:54  Hatchery  
  26  3:00  Drone x2  
  28  3:09  Drone x2  
  28  3:12  Queen  
  32  3:17  Drone  
  33  3:32  Drone x3  
  36  3:38  Overlord x2  
  36  3:56  Zergling x2  
  36  3:57  Zergling x4  
  39  4:06  Extractor  
  39  4:07  Extractor, Drone  
  39  4:09  Zergling x4  
  39  4:35  Zergling x2  
  39  4:36  Zergling x12  
  44  4:48  Hatchery  
  44  4:50  Zergling x2  
  44  4:51  Zergling x22  
  55  5:03  Zergling x4  
  49  6:38  Zergling x20  
  49  6:39  Zergling x10  
  49  6:56  Hydralisk Den  
  48  7:11  Drone  
  48  7:12  Drone x2  
  51  7:15  Queen  
  51  7:18  Drone x3  
  41  7:59  Hydralisk x2  
  41  8:00  Hydralisk x9  
  63  8:10  Infestation Pit  
  63  8:11  Grooved Spines  
  62  8:18  Zergling x2  
  62  8:19  Zergling x4  
  58  8:58  Overlord x5  
  58  8:59  Overlord  
  58  9:07  Hatchery  
  54  9:22  Muscular Augments  
  36  9:41  Zergling x6  
  36  9:42  Zergling x22  
  48  9:54  Hydralisk  
  48  9:55  Hydralisk x3  
  56  10:08  Evolution Chamber  
  56  10:11  Hive  
  41  10:41  Hydralisk  
  41  10:42  Hydralisk x9  
  61  10:54  Zerg Missile Weapons Level 1  
  61  11:02  Drone x2  
  61  11:03  Drone  
  56  11:33  Hydralisk x5  
  66  11:51  Hydralisk x4  
  64  13:21  Hydralisk x6  
  64  13:22  Hydralisk x8  
  76  14:34  Hydralisk  
  76  14:35  Hydralisk x12  
Tags
 
Add a new tag
Caveats
  • Supply blocks, unpowered buildings, or Contaminate may cause inaccurate times.
  • Supply counts are checked every 10 seconds.